 Dungeon Crawl Stone Soup version 0.31.0-32-g396128a36d (webtiles) character file.

Game seed: 11538398584805065495

107283 Gabide the Devastator (level 16, 0/100 HPs)
             Began as a Tengu Conjurer on Apr 13, 2024.
             Was a High Priest of Vehumet.
             Hit by a large rock thrown by a cyclops (19 damage)
             ... on level 2 of the Shoals.
             The game lasted 01:26:38 (35017 turns).

Gabide the Devastator (Tengu Conjurer)             Turns: 35017, Time: 01:26:38

Health: 0/100      AC:  9    Str: 11    XL:     16   Next: 46%
Magic:  23/35      EV: 22    Int: 42    God:    Vehumet [*****.]
Gold:   1369       SH:  0    Dex: 18    Spells: 9/44 levels left

rFire   + . .        R - staff of air
rCold   + . .        (no shield)
rNeg    . . .        J - +3 troll leather armour {Snorg}
rPois   +            (helmet restricted)
rElec   +            v - scarf of Jentoapn {harm, -Tele Rampage rC- Int+8}
rCorr   .            j - +2 pair of gloves
SInv    .            (boots unavailable)
Will    +....        S - amulet of regeneration
Stlth   ++           d - ring "Roanir" {rF+ rC+ Int+3}
HPRegen 1.96/turn    c - ring "Deilis" {rPois rC+ Str+3 Int+6 Dex+4}
MPRegen 0.24/turn

%: no teleportation, harm (+30% outgoing, +20% incoming), acrobat, rampage
@: flying
A: beak, talons 3, evasive flight, acrobatic
a: Renounce Religion


You were on level 2 of the Shoals.
You worshipped Vehumet.
Vehumet was extremely pleased with you.
You visited 5 branches of the dungeon, and saw 25 of its levels.
You also visited: Ice Cave and Volcano.

You collected 2305 gold pieces.
You spent 936 gold pieces at shops.

Inventory:

Hand Weapons
 a - a +8 dagger of venom
 A - the +10 quarterstaff of Terror {flame, rN+}
   (You found it on level 1 of the Lair of Beasts)

   rN+:       It protects you from negative energy.
 K - a +0 lajatang of flaming
 L - a +0 rapier of flaming
 U - the +4 hand axe of the Girdle {drain, +Blink rN+ Int+2}
   (You found it on level 12 of the Dungeon)

   Int+2:     It affects your intelligence (+2).
   rN+:       It protects you from negative energy.
   +Blink:    It lets you blink.
Missiles
 N - 3 curare-tipped darts
 Z - 3 throwing nets
Armour
 j - a +2 pair of gloves (worn)
 v - the scarf of Jentoapn (worn) {harm, -Tele Rampage rC- Int+8}
   (You bought it in a shop on level 2 of the Orcish Mines)

   Int+8:     It affects your intelligence (+8).
   rC-:       It makes you vulnerable to cold.
   -Tele:     It prevents most forms of teleportation.
   Rampage:   It bestows one free step when moving towards enemies.
 D - a +2 cloak
 E - +2 steam dragon scales
 J - a +3 troll leather armour (worn) {Snorg}
Magical Staves
 R - a staff of air (weapon)
Jewellery
 c - the ring "Deilis" (right hand) {rPois rC+ Str+3 Int+6 Dex+4}
   (You acquired it on level 2 of the Dungeon)

   [ring of intelligence]

   Str+3:     It affects your strength (+3).
   Int+6:     It affects your intelligence (+6).
   Dex+4:     It affects your dexterity (+4).
   rC+:       It protects you from cold.
   rPois:     It protects you from poison
 d - the ring "Roanir" (left hand) {rF+ rC+ Int+3}
   (You acquired it on level 2 of the Dungeon)

   [ring of protection from fire]

   Int+3:     It affects your intelligence (+3).
   rF+:       It protects you from fire.
   rC+:       It protects you from cold.
 g - a ring of willpower
 h - a ring of magical power
 q - a +4 ring of slaying
 t - a ring of wizardry
 S - an amulet of regeneration (around neck)
Wands
 i - a wand of charming (25)
 z - a wand of iceblast (22)
 F - a wand of polymorph (29)
 P - a wand of digging (1)
 Y - a wand of flame (4)
Scrolls
 k - 3 scrolls of fog
 m - 6 scrolls of teleportation
 n - 3 scrolls of vulnerability
 r - a scroll of immolation
 x - 8 scrolls of blinking
 y - a scroll of poison
 G - 2 scrolls of fear
 H - a scroll of silence
 O - 4 scrolls of revelation
 W - a scroll of torment
 X - a scroll of brand weapon
Potions
 b - 3 potions of mutation
 e - 3 potions of enlightenment
 f - 6 potions of heal wounds
 l - 4 potions of invisibility
 o - 7 potions of curing
 p - 5 potions of haste
 s - a potion of ambrosia
 u - 8 potions of attraction
 w - 3 potions of magic
 B - 7 potions of brilliance
 C - a potion of might
 I - 2 potions of lignification
 M - 2 potions of berserk rage
 T - a potion of resistance
Miscellaneous
 Q - a phial of floods
 V - a sack of spiders


   Skills:
 + Level 11.3 Fighting
 + Level 11.6 Dodging
 - Level 3.0 Stealth
 * Level 14.8 Spellcasting
 - Level 18.0 Conjurations
 - Level 18.0 Air Magic


You had 9 spell levels left.
You knew the following spells:

 Your Spells              Type           Power      Damage    Failure   Level
a - Magic Dart            Conj           100%       1d8       0%          1
b - Searing Ray           Conj           100%       2d8       0%          2
d - Stone Arrow           Conj/Erth      100%       3d13      1%          3
e - Airstrike             Air            67%        2d(10-26) 0%          4
f - Iskenderun's Mystic   Conj/Tloc      82%        2d16      1%          4
g - Freezing Cloud        Conj/Ice/Air   57%        6-21      1%          5
h - Blink                 Tloc           62%        N/A       1%          2
i - Conjure Ball Lightni  Conj/Air       67%        3x3d25    1%          6
j - Maxwell's Capacitive  Air            67%        ∞         1%          8

Your spell library contained the following spells:

 Spells                   Type           Power      Damage    Failure   Level
 Arcjolt                  Conj/Air       67%        1d77      0%          5
 Static Discharge         Conj/Air       100%       3-8/arc   0%          2
 Necrotise                Necr           100%       1d9       1%          1
 Sandblast                Erth           62%        2d14      1%          1
 Cigotuvi's Dreadful Rot  Necr/Alch/Air  100%       N/A       1%          2
 Lesser Beckoning         Tloc           62%        N/A       1%          2
 Mercury Vapours          Alch/Air       100%       N/A       1%          2
 Momentum Strike          Conj/Tloc      100%       3d10      1%          2
 Sublimation of Blood     Necr           31%        N/A       1%          2
 Dazzling Flash           Conj/Hex       100%       N/A       1%          3
 Hailstorm                Conj/Ice       82%        3d14      1%          3
 Inner Flame              Hex/Fire       31%        N/A       1%          3
 Mephitic Cloud           Conj/Alch/Air  100%       N/A       1%          3
 Volatile Blastmotes      Fire/Tloc      62%        2d15      1%          3
 Brom's Barrelling Bould  Conj/Erth      82%        2d9       1%          4
 Fulminant Prism          Conj/Alch      41%        3d19      1%          4
 Summon Lightning Spire   Summ/Air       100%       N/A       1%          4
 Irradiate                Conj/Alch      41%        3d25      1%          5
 Bombard                  Conj/Erth      41%        9d7       1%          6
 Starburst                Conj/Fire      41%        6d12      1%          6
 Passwall                 Erth           31%        N/A       3%          3
 Tukima's Dance           Hex            31%        N/A       3%          3
 Vampiric Draining        Necr           31%        2d8       3%          3
 Lee's Rapid Deconstruct  Erth           15%        3d10*     10%         5
 Yara's Violent Unravell  Hex/Alch       15%        3d8       10%         5
 Dispel Undead            Necr           31%        3d14      12%         4
 Leda's Liquefaction      Alch/Erth      15%        N/A       12%         4
 Martyr's Knell           Necr/Summ      31%        N/A       12%         4
 Passage of Golubria      Tloc           31%        N/A       12%         4
 Petrify                  Alch/Erth      31%        N/A       12%         4
 Curse of Agony           Necr           31%        N/A       34%         5
 Metabolic Englaciation   Hex/Ice        15%        N/A       34%         5
 Summon Forest            Summ/Tloc      15%        N/A       34%         5
 Death Channel            Necr           15%        N/A       88%         6
 Sculpt Simulacrum        Ice/Alch       15%        N/A       88%         6
 Ignition                 Fire           15%        3d6       100%        8
 Polar Vortex             Ice            15%        12d2*     100%        9


Dungeon Overview and Level Annotations

Branches:
Dungeon (15/15)            Temple (1/1) D:6            Lair (5/5) D:8
 Shoals (2/4) Lair:3       Spider (0/4) Lair:2        Slime (0/5) Lair:4
    Orc (2/2) D:11            Elf (0/3) Orc:2        Vaults (0/5) D:14
 Depths (0/4) D:15          IceCv (visited)         Volcano (visited)

Altars:
Ashenzari
Cheibriados
Dithmenos
Elyvilon
Fedhas
Gozag
Hepliaklqana
Kikubaaqudgha
Makhleb
Nemelex Xobeh
Okawaru
Qazlal
Ru
Sif Muna
Trog
Uskayaw
Vehumet
Wu Jian
Yredelemnul
Zin
The Shining One

Shops:
D:1 ?   D:3 [   D:12 *   Orc:1 (   Orc:2 [=![!=*=*

Portals:
Trove: D:13 (give +3 ice dragon scales)


Innate Abilities, Weirdness & Mutations

You have a beak for a mouth.
You have claws for feet.
Your magical flight helps you evade attacks. (EV +4)
You can magically evade attacks while moving or waiting.


Message History

The blast of lightning engulfs your ball lightning.
Your ball lightning completely resists.
The blast of lightning engulfs you! You resist.
You hear a bleat! x2; You hear a shout!
You hear a bleat!
You hear a shout!
A cyclops comes into view.
Your ball lightning explodes!
The blast of lightning engulfs your ball lightning.
Your ball lightning completely resists.
The blast of lightning engulfs the skyshark!!!
You kill the skyshark!
Vehumet accepts your kill. The blast of lightning engulfs you!! You resist.
Unknown command.
There are monsters nearby!
The sea snake is engulfed in freezing vapours.
The sea snake barely misses you.
The cyclops shouts!
You hear a bleat!
The sea snake misses you.
The cyclops throws a large rock.
The large rock completely misses you.
Your ball lightning explodes!
The blast of lightning engulfs you! You resist.
The blast of lightning engulfs the sea snake!!
The sea snake is severely wounded.
You are too injured to fight recklessly!
Casting: Conjure Ball Lightning (safe; 1% risk of failure)
Confirm with . or Enter, or press ? or * to list all spells.
You erupt in a blast of force!
The mystic blast hits the sea snake!
The sea snake is almost dead.
The sea snake is knocked back by the mystic blast.
The cyclops throws a large rock.
The large rock hits you!!!
* * * LOW HITPOINT WARNING * * *
You feel much better.
A merfolk avatar comes into view.
The sea snake misses you.
As you read the scroll of fear, it crumbles to dust.
You assume a fearsome visage.
The merfolk avatar resists with almost no effort.
The sea snake resists with some effort.
The cyclops easily resists.
The cyclops throws a large rock.
The large rock hits you!
You die...

#.........#
##C.....~..# .
##.....:~~..###..
#...~...~~~~!)§..~
......~~~~~§§☼...~
.......~)~~§°).~~~
.........~°§~~~≈≈
........~@S~~≈≈≈≈
~ ##.....~~~~~≈≈≈
~~~.##<....~~~~≈≈≈
~~..m..<~~~~~~~≈≈≈
~~...~~≈≈~~~≈≈≈≈≈≈
~~..~~~~~~~~≈≈≈≈≈≈
~~~.~~~...~~≈≈≈≈≈≈
~~~~.~..~~~~≈≈≈≈≈≈
~~~~~~~~~~~≈≈≈≈≈≈


You could see a merfolk avatar, a sea snake and a cyclops.

Vanquished Creatures
  Agnes (D:14)
  The ghost of Ytheofip the Cleaver, a journeyman FoFi of Okawaru (D:14)
  2 quicksilver oozes (IceCv)
  The ghost of Opnastoc the Severer, a journeyman MiBe of Trog (D:14)
  A dire elephant (D:15)
  Nessos (D:15)
  The ghost of Mique the Thaumaturge, a journeyman DjFE of Jiyva (D:14)
  Snorg (Lair:4)
  An ettin (Orc:2)
  A merfolk impaler (Shoals:1)
  A merfolk javelineer (Shoals:1)
  Josephine (Orc:1)
  An entropy weaver (shapeshifter) (D:15)
  A fire dragon (Volcano)
  The ghost of kalagan the Thaumaturge, a journeyman DECj of Sif Muna (Lair:5)
  Fannar (D:12)
  4 hydras
  An ogre mage (D:15)
  4 vault guards (D:14)
  2 merfolk avatars (Shoals:1)
  A death knight (D:14)
  A two-headed ogre (D:13)
  3 boulder beetles
  5 catoblepae (Lair:5)
  6 centaur warriors
  A merfolk aquamancer (Shoals:1)
  4 tengu warriors
  6 death yaks (Lair:5)
  Sonja (Lair:4)
  A skyshark (Shoals:2)
  2 fire crabs
  3 sea snakes (Shoals:1)
  A deep elf archer (D:14)
  2 arcanists
  A lindwurm (Lair:4)
  Pikel (D:6)
  2 phantasmal warriors
  3 orc knights
  4 deep elf pyromancers
  A wolf spider (D:15)
  2 orc sorcerers
  6 fauns
  3 cyclopes
  4 manticores
  4 ugly things
  Maurice (D:7)
  3 merfolk sirens (Shoals:1)
  25 slime creatures
  9 elephants
  A black mamba (shapeshifter) (D:15)
  6 black mambas
  4 kobold blastminers (Orc:2)
  2 water nymphs (Shoals:1)
  An ice statue (IceCv)
  Maggie (Lair:2)
  3 gargoyles (D:14)
  2 torpor snails
  4 cane toads
  An unseen horror (D:11)
  2 rime drakes
  A kobold demonologist (D:11)
  A yaktaur (shapeshifter) (D:15)
  2 efreet
  3 tengu conjurers (D:15)
  5 komodo dragons
  2 yaktaurs (D:14)
  Psyche (D:9)
  2 freezing wraiths (D:14)
  9 merfolk
  2 hornets
  3 trolls
  3 dream sheep (Lair:5)
  A polar bear (shapeshifter) (D:15)
  7 blink frogs (Lair:1)
  Prince Ribbit (D:8)
  A snapping turtle (Lair:3)
  A vampire (D:9)
  5 water elementals
  2 culicivoras (Lair:2)
  9 fire bats (Volcano)
  5 wyverns
  3 shadows
  6 wraiths
  Grum (D:11)
  2 wargs (Orc:2)
  2 steam dragons (D:10)
  61 yaks
  6 basilisks
  10 vampire mosquitoes
  An acid dragon (D:12)
  16 water moccasins
  4 great orb of eyes simulacra (IceCv)
  A hell hound (Volcano)
  38 orc warriors
  A sky beast (D:6)
  2 laughing skulls (D:11)
  18 centaurs
  8 ogres
  12 wolves
  A slime creature simulacrum (IceCv)
  A phantom (D:7)
  2 kobold brigands
  6 bullfrogs
  A glowing shapeshifter simulacrum (IceCv)
  10 wights
  10 killer bees
  7 electric eels
  2 howler monkeys
  A gnoll bouda (D:9)
  4 hounds
  21 orc priests
  A sleepcap (D:7)
  7 hell rats (Lair:5)
  22 orc wizards
  A shapeshifter simulacrum (IceCv)
  9 adders
  5 gnolls (D:9)
  2 ufetubi (D:5)
  5 dart slugs
  2 ribbon worms (D:2)
  111 orcs
  10 ball pythons
  10 endoplasms
  5 goblins
  10 hobgoblins
  7 jackals
  3 quokkas
  6 bats
  15 kobolds
  4 rats
720 creatures vanquished.

Vanquished Creatures (collateral kills)
  An orc priest (D:6)
  An orc wizard (D:6)
  6 ball lightnings
8 creatures vanquished.

Vanquished Creatures (others)
  A wight (D:7)
  42 ball lightnings
43 creatures vanquished.

Grand Total: 771 creatures vanquished

Notes
Turn   | Place    | Note
-------+----------+-------------------------------------------
     0 | D:1      | Gabide the Tengu Conjurer began the quest for the Orb.
     0 | D:1      | Reached XP level 1. HP: 10/10 MP: 4/4
   180 | D:1      | Reached XP level 2. HP: 16/16 MP: 1/6
   773 | D:1      | Found Faukhlok's Magic Scroll Boutique.
   776 | D:1      | Bought a scroll of teleportation for 42 gold pieces
   934 | D:1      | Learned a level 2 spell: Searing Ray
  1036 | D:2      | Reached XP level 3. HP: 20/20 MP: 2/7
  1095 | D:2      | Reached skill level 1 in Fighting
  1309 | D:2      | Identified a scroll of acquirement
  1309 | D:2      | Acquired the ring "Deilis" {rPois rC+ Str+3 Int+6 Dex+4}
  1530 | D:2      | Acquired the ring "Roanir" {rF+ rC+ Int+3}
  1823 | D:2      | Reached XP level 4. HP: 25/25 MP: 0/8
  2608 | D:3      | Found a sacrificial altar of Ru.
  2689 | D:3      | Found a transporter.
  2689 | D:3      | Found Osoxynur's Armour Shop.
  2755 | D:3      | Found a transporter.
  2781 | D:3      | Bought a +0 cloak for 49 gold pieces
  2961 | D:4      | Reached XP level 5. HP: 30/30 MP: 7/10
  3589 | D:5      | Entered Level 5 of the Dungeon
  3800 | D:5      | Reached XP level 6. HP: 37/37 MP: 1/12
  4218 | D:5      | Found a shadowy altar of Dithmenos.
  4218 | D:5      | Found a shimmering blue altar of Sif Muna.
  4294 | D:5      | Found a sparkling altar of Nemelex Xobeh.
  4599 | D:6      | Noticed an orc warrior
  4642 | D:6      | Reached skill level 5 in Spellcasting
  4642 | D:6      | Gained mutation: Your magical flight helps you evade
                  | attacks. (EV +4) [Tengu growth]
  4642 | D:6      | Reached XP level 7. HP: 28/41 MP: 13/15
  4877 | D:6      | Learned a level 3 spell: Mephitic Cloud
  5040 | D:6      | Found a staircase to the Ecumenical Temple.
  5049 | Temple   | Entered the Ecumenical Temple
  5126 | D:6      | Noticed Pikel
  5270 | D:6      | Found a white marble altar of Elyvilon.
  5412 | D:6      | Killed Pikel
  5413 | D:6      | Reached XP level 8. HP: 40/46 MP: 7/18
  5537 | D:6      | Learned a level 3 spell: Stone Arrow
  5672 | D:6      | Found a hide-covered altar of Uskayaw.
  5778 | D:6      | Found a snail-covered altar of Cheibriados.
  6691 | D:7      | Found an opulent altar of Gozag.
  6710 | D:7      | Reached XP level 9. HP: 33/52 MP: 8/19
  6964 | D:7      | Noticed Maurice
  6969 | D:7      | Killed Maurice
  7790 | D:8      | Found a staircase to the Lair.
  7958 | D:8      | Noticed Prince Ribbit
  7961 | D:8      | Killed Prince Ribbit
  8132 | D:8      | Noticed a hornet
  8136 | D:8      | Killed a hornet
  8218 | D:8      | Found a blossoming altar of Fedhas.
  8250 | D:8      | Found an iron altar of Okawaru.
  8439 | D:8      | Found a radiant altar of Vehumet.
  8452 | D:8      | Became a worshipper of Vehumet
  8527 | D:8      | You are sucked into a shaft and drop 3 floors!
  8656 | D:10     | Entered Level 10 of the Dungeon
  8754 | D:10     | Reached XP level 10. HP: 58/58 MP: 17/22
  8819 | D:10     | Reached skill level 5 in Dodging
  8976 | D:9      | Reached skill level 5 in Fighting
  9121 | D:10     | Reached * piety under Vehumet
  9121 | D:10     | Offered knowledge of Foxfire by Vehumet.
  9283 | D:10     | Found a glowing silver altar of Zin.
  9305 | D:10     | Learned a level 4 spell: Airstrike
  9838 | D:9      | Noticed Psyche
  9842 | D:9      | Killed Psyche
  9884 | D:9      | Found a broken altar of Ashenzari.
  9911 | D:9      | Learned a level 4 spell: Iskenderun's Mystic Blast
 10214 | D:9      | Reached XP level 11. HP: 40/65 MP: 9/25
 10333 | D:9      | Identified the +8 plate armour of Courage {+Inv rC+ Will+}
 10348 | D:9      | Reached ** piety under Vehumet
 10378 | D:9      | Offered knowledge of Shock by Vehumet.
 10839 | D:8      | Reached skill level 10 in Air Magic
 10988 | D:8      | Found a hazy altar of Hepliaklqana.
 11087 | Lair:1   | Entered Level 1 of the Lair of Beasts
 11173 | Lair:1   | Reached skill level 10 in Conjurations
 11210 | Lair:1   | Identified the +10 quarterstaff of Terror {flame, rN+}
 11215 | Lair:1   | You are sucked into a shaft and drop 1 floor!
 11238 | Lair:2   | Learned a level 5 spell: Freezing Cloud
 11245 | Lair:2   | Offered knowledge of Momentum Strike by Vehumet.
 11377 | Lair:2   | Found a frozen archway.
 11381 | IceCv    | Entered an ice cave
 11495 | IceCv    | Noticed a quicksilver ooze
 11498 | IceCv    | Killed a quicksilver ooze
 11577 | IceCv    | Got Xized's Compendium of Rime
 11798 | IceCv    | Reached skill level 10 in Spellcasting
 11972 | IceCv    | Reached *** piety under Vehumet
 12681 | IceCv    | Noticed a quicksilver ooze
 12689 | IceCv    | Killed a quicksilver ooze
 12894 | IceCv    | Reached XP level 12. HP: 60/72 MP: 6/27
 13027 | Lair:2   | Noticed Maggie
 13031 | Lair:2   | Killed Maggie
 13308 | Lair:2   | Noticed a five-headed hydra
 13315 | Lair:2   | Killed a five-headed hydra
 13570 | Lair:2   | Learned a level 2 spell: Blink
 14707 | Lair:1   | Offered knowledge of Ignite Poison by Vehumet.
 15704 | Lair:2   | Found a hole to the Spider Nest.
 16910 | Lair:3   | Reached XP level 13. HP: 80/80 MP: 26/30
 17415 | Lair:3   | Found a staircase to the Shoals.
 17628 | Lair:4   | Found a staircase to the Slime Pits.
 17757 | Lair:4   | Noticed Snorg
 17766 | Lair:4   | Killed Snorg
 18045 | Lair:4   | Found a dark tunnel.
 18060 | Volcano  | Entered a volcano
 18153 | Volcano  | Noticed a fire dragon
 18164 | Volcano  | Killed a fire dragon
 18499 | Volcano  | Reached **** piety under Vehumet
 18610 | Volcano  | Offered knowledge of Flame Wave by Vehumet.
 19036 | Lair:4   | Noticed Sonja
 19039 | Lair:4   | Killed Sonja
 19310 | Lair:5   | Entered Level 5 of the Lair of Beasts
 19753 | Lair:5   | Found a runed translucent door.
 19753 | Lair:5   | Noticed kalagan's ghost (journeyman DECj)
 20442 | Lair:5   | Reached skill level 15 in Conjurations
 20442 | Lair:5   | Reached skill level 15 in Air Magic
 20609 | Lair:5   | Reached XP level 14. HP: 86/86 MP: 23/31
 22084 | Lair:5   | Killed kalagan's ghost
 22539 | D:11     | Found a staircase to the Orcish Mines.
 22664 | D:11     | Reached ***** piety under Vehumet
 23052 | D:11     | Offered knowledge of Conjure Ball Lightning by Vehumet.
 23189 | D:11     | Learned a level 6 spell: Conjure Ball Lightning
 23489 | D:11     | Noticed Grum
 23495 | D:11     | Killed Grum
 24548 | D:12     | Identified the +4 hand axe of the Girdle {drain, +Blink rN+
                  | Int+2}
 24802 | D:12     | Found Waifreurgh's General Store.
 24939 | D:12     | Noticed Fannar
 24945 | D:12     | Killed Fannar
 25291 | D:12     | Acquired a staff of air
 26698 | D:13     | Found a portal to a secret trove of treasure.
 27058 | D:14     | Reached skill level 10 in Dodging
 27059 | D:14     | Reached XP level 15. HP: 92/92 MP: 14/33
 27063 | D:14     | Noticed Agnes
 27208 | D:14     | Reached skill level 10 in Fighting
 27624 | D:14     | Killed Agnes
 27852 | D:14     | Learned a level 8 spell: Maxwell's Capacitive Coupling
 27971 | D:14     | Found a runed translucent gate.
 27972 | D:14     | Found a runed translucent gate.
 27972 | D:14     | Found a runed translucent gate.
 27973 | D:14     | Noticed Opnastoc's ghost (journeyman MiBe)
 27974 | D:14     | Noticed Mique's ghost (journeyman DjFE)
 27974 | D:14     | Noticed Ytheofip's ghost (journeyman FoFi)
 27986 | D:14     | Killed Ytheofip's ghost
 28006 | D:14     | Killed Mique's ghost
 28058 | D:14     | Killed Opnastoc's ghost
 28117 | D:14     | Got the Compendium of Disjunct Hyperthermia
 28423 | D:14     | Found a gate to the Vaults.
 28508 | D:15     | Entered Level 15 of the Dungeon
 28508 | D:15     | Found a shadowy altar of Dithmenos.
 28630 | D:15     | Noticed Nessos
 28636 | D:15     | Killed Nessos
 29977 | D:15     | Found a staircase to the Depths.
 30286 | Orc:1    | Entered Level 1 of the Orcish Mines
 30344 | Orc:1    | Found Vuziem's Weapon Boutique.
 30367 | Orc:1    | Offered knowledge of Fireball by Vehumet.
 30718 | Orc:2    | Entered Level 2 of the Orcish Mines
 30718 | Orc:2    | Found Donkeapeu's Distillery.
 31246 | Orc:2    | Found Poucsur's Antique Armour Shop.
 31267 | Orc:2    | Bought a faintly humming robe for 171 gold pieces
 31267 | Orc:2    | Identified the +0 robe of Imperfection {-Tele rF+ rN+
                  | Dex+2} (You bought it in a shop on level 2 of the Orcish
                  | Mines)
 31267 | Orc:2    | Bought a slimy scarf for 300 gold pieces
 31267 | Orc:2    | Identified the scarf of Jentoapn {harm, -Tele Rampage rC-
                  | Int+8} (You bought it in a shop on level 2 of the Orcish
                  | Mines)
 31551 | Orc:2    | Found Feon's Jewellery Shoppe.
 31706 | Orc:2    | Found a staircase to the Elven Halls.
 31740 | Orc:2    | Reached XP level 16. HP: 99/99 MP: 3/34
 31913 | Orc:2    | Offered knowledge of Arcjolt by Vehumet.
 32213 | Orc:2    | Found Kusa's Distillery.
 32213 | Orc:2    | Found Osetz's Jewellery Emporium.
 32213 | Orc:2    | Found Diuzxeg's Assorted Antiques.
 32216 | Orc:2    | Found Agurph's Antique Armour Shop.
 32632 | Orc:2    | Found Tuwem's Jewellery Shop.
 32640 | Orc:2    | Found Ypugaus's Assorted Antiques.
 33252 | Orc:1    | Noticed Josephine
 33257 | Orc:1    | Killed Josephine
 33501 | Orc:2    | Bought a potion of curing for 33 gold pieces
 33501 | Orc:2    | Bought a potion of heal wounds for 55 gold pieces
 33501 | Orc:2    | Bought a potion of brilliance for 44 gold pieces
 33501 | Orc:2    | Bought a potion of brilliance for 44 gold pieces
 33546 | Orc:2    | Bought a potion of haste for 110 gold pieces
 33546 | Orc:2    | Bought a potion of brilliance for 44 gold pieces
 33546 | Orc:2    | Bought a potion of brilliance for 44 gold pieces
 33762 | Shoals:1 | Entered Level 1 of the Shoals
 35015 | Shoals:2 | HP: 1/100 [cyclops/large rock (46)]
 35017 | Shoals:2 | Hit by a large rock thrown by a cyclops

Illustrated notes

Levels and vault maps discovered:
D:1:      lemuel_arrival_muddy, layout_basic, serial_shops,
          nicolae_shop_behind_doors
D:2:      layout_basic, serial_forest, infiniplex_forest_zigzag_1,
          infiniplex_forest_pool, infiniplex_forest_straight_4,
          infiniplex_forest_clump_small, infiniplex_forest_lined_corner
D:3:      layout_rooms, nicolae_ru_the_path_less_chosen, serial_shops,
          nicolae_shop_drivethru
D:4:      layout_rooms, minmay_quadrilaterals
D:5:      layout_rooms, gammafunk_temple_overflow_pools,
          nemelex_dance_club_becter
D:6:      wad_woods_pond, layout_loops_corners, lemuel_round_altar,
          nicolae_uskayaw_suspiria, nicolae_elyvilon_temple_path, uniq_pikel
D:7:      layout_basic, mainiacjoe_overflow_concentric_impassable, uniq_maurice
D:8:      layout_rooms, vehumet_crystals, nzn_hepliaklqana_mist_gate,
          fedhas_altar_fruit_tree, mainiacjoe_overflow_brackets,
          lair_entry_dummy, uniq_prince_ribbit1
D:9:      layout_basic, nicolae_ashenzari_panopticon, special_room
          [special_room_orc], uniq_psyche
D:10:     cheibrodos_steamvent, layout_cross, mainiacjoe_overflow_chevrons,
          xom_shifter_show, minmay_hedge_maze, kennysheep_generic_room_12
D:11:     layout_loops_ring, orc_0_dummy, nicolae_twisting_strands, uniq_grum
D:12:     layout_loops_ring, serial_shops, kennysheep_little_box,
          evilmike_butchery, uniq_fannar
D:13:     layout_loops_cross, nicolae_trove_entry_crossroad
D:14:     layout_rooms, grunt_vaults_entry_fortified, gammafunk_ghost_cemetery,
          uniq_agnes
D:15:     hangedman_depths_entry_try_elsewhere_first, layout_cave_pools,
          serial_bayou, serial_bayou_lagoon_a, serial_bayou_lake_a,
          serial_bayou_pond_e, serial_bayou_pond_b,
          nicolae_dithmenos_the_darkroom, uniq_nessos
Temple:   nicolae_temple_little_seven
Lair:1:   layout_chaotic_city, grunt_megastairs_4, lemuel_fruit_tree,
          serial_bayou_shore_b, infiniplex_staircase_pool_2
Lair:2:   layout_concentric_octagons, hellmonk_spider_entry_life_and_decay,
          portal_ice_cave_entry_pillars_2, uniq_maggie
Lair:3:   layout_layer_cave, minmay_shoals_entry_hut, minivault_24,
          serial_bayou_shore_b, grunt_megastairs_5
Lair:4:   layout_regular_city, slime_entry_1, nicolae_volcano_entry_vermiform,
          nzn_sisyphean_effort, uniq_sonja, uniq_snorg
Lair:5:   evilmike_catoblepas_cave, layout_hall_layers,
          hellmonk_ghost_happy_afterlife
Shoals:1: layout_shoals, nicolae_shoals_dead_sea_scrolls
Shoals:2: layout_shoals, serial_shops, nicolae_shop_tiny_glass,
          lemuel_oklob_altar
Orc:1:    layout_diamond_mine, serial_shops, shop, uniq_josephine
Orc:2:    st_orc_rangers, layout_diamond_mine, serial_shops, shop,
          nicolae_shop_trees, shop, nicolae_shop_tiny_real_fake_doors,
          nicolae_shop_waterfront

Skill      XL: |  1  2  3  4  5  6  7  8  9 10 11 12 13 14 15 16 |
---------------+-------------------------------------------------+-----
Fighting       | 1 3 4 6 7 8 9 10 11 | 11.3
Dodging        | 3 4 6 7 9 10 11 | 11.6
Conjurations   | 6 7 9 11 12 15 16 17 18 | 18.0
Stealth        | 3 |  3.0
Spellcasting   | 3 5 6 7 9 10 12 13 14 | 14.8
Air Magic      | 6 7 9 11 12 15 16 17 18 | 18.0

Action                     |  1- 3 |  4- 6 |  7- 9 | 10-12 | 13-15 | 16-18 || total
---------------------------+-------+-------+-------+-------+-------+-------++-------
  Melee: Kick              |     1 |     3 |     4 |    41 |    51 |     3 ||   103
         Unarmed           |     1 |       |       |       |       |       ||     1
         Dagger            |       |     8 |     8 |   100 |    77 |       ||   193
         Peck              |       |     3 |     2 |    26 |    32 |     2 ||    65
         Punch             |       |       |       |     1 |     4 |       ||     5
         Staff             |       |       |       |       |    20 |    10 ||    30
   Cast: Magic Dart        |    70 |   131 |    33 |       |       |       ||   234
         Searing Ray       |     1 |     3 |     7 |     9 |       |       ||    20
         Stone Arrow       |       |       |    76 |    84 |    71 |       ||   231
         Mephitic Cloud    |       |       |     2 |     2 |     2 |       ||     6
         Iskenderun's Myst |       |       |       |    11 |    73 |     3 ||    87
         Airstrike         |       |       |       |   140 |   370 |   105 ||   615
         Freezing Cloud    |       |       |       |    26 |    87 |     7 ||   120
         Blink             |       |       |       |     1 |     2 |       ||     3
         Conjure Ball Ligh |       |       |       |       |    12 |     9 ||    21
         Maxwell's Capacit |       |       |       |       |     4 |       ||     4
  Evoke: Wand              |       |     2 |     1 |       |       |       ||     3
    Use: Scroll            |     8 |     7 |    12 |     6 |     9 |     3 ||    45
         Potion            |       |     1 |       |       |     2 |     2 ||     5
   Stab: Sleeping          |       |       |       |       |     1 |       ||     1
 Armour: Robe              |     1 |     7 |    13 |       |       |       ||    21
         Steam dragon scal |       |       |       |    79 |     1 |       ||    80
         Troll leather arm |       |       |       |       |   145 |    25 ||   170
  Dodge: Dodged            |     6 |    14 |    29 |   101 |   183 |    47 ||   380
